 Dungeon Crawl Stone Soup version 0.28-a0-883-gc8d7bad45d (webtiles) character file.

Game seed: 11401626100046040761

6651 nomicflux the Arsonist (level 10, -5/78 HPs)
             Began as a Purple Draconian Fire Elementalist on Nov 20, 2021.
             Was a Believer of Sif Muna.
             Hit by a silver javelin thrown by a minotaur (22 damage)
             ... in a Gauntlet on Nov 21, 2021.
             The game lasted 00:38:56 (11467 turns).

nomicflux the Arsonist (DrFE)                      Turns: 11467, Time: 00:38:57

Health: -5/78      AC: 11    Str: 11    XL:     10   Next: 72%
Magic:  14/31      EV: 12    Int: 24    God:    Sif Muna [**....]
Gold:   476        SH:  0    Dex: 12    Spells: 10/25 levels left

rFire   . . .      SeeInvis .   g - +0 rapier (vamp)
rCold   . . .      Faith    .   (no shield)
rNeg    . . .      Spirit   .   (armour unavailable)
rPois   .          Reflect  .   (helmet restricted)
rElec   .          Harm     .   z - +0 cloak
rCorr   .          Rampage  .   w - +0 pair of gloves
Will    +....      NoTele   +   k - +1 pair of boots
Stlth   ++........              j - amulet of magic regeneration
HPRegen 0.23/turn               s - ring of magical power
MPRegen 0.47/turn               x - +6 ring of intelligence

@: no status effects
A: breathe power, AC +7, unfitting armour, cold-blooded
a: Breathe Dispelling Energy, Renounce Religion, Channel Magic


You were in a Gauntlet.
You worshipped Sif Muna.
Sif Muna was pleased with you.
You visited 3 branches of the dungeon, and saw 13 of its levels.
You also visited: Sewer and Gauntlet.

You collected 476 gold pieces.

Inventory:

Hand Weapons
 g - a +0 vampiric rapier (weapon)
 t - a +2 short sword of speed
Armour
 k - a +1 pair of boots (worn)
 w - a +0 pair of gloves (worn)
 z - a +0 cloak (worn)
Jewellery
 c - a +6 ring of strength
 i - a ring of magical power
 j - an amulet of magic regeneration (around neck)
 o - an amulet of guardian spirit
 q - a ring of magical power
 r - an amulet of reflection
 s - a ring of magical power (left hand)
 v - a ring of resist corrosion
 x - a +6 ring of intelligence (right hand)
 B - the ring "Midir" {rC- rN+++ rCorr MP+9 Int-2}
   (You found it on level 11 of the Dungeon)

   [ring of magical power]

   Int:       It affects your intelligence (-2).
   rC:        It makes you vulnerable to cold.
   rN:        It renders you almost immune to negative energy.
   MP:        It affects your magic capacity (+9).
   rCorr:     It protects you from acid and corrosion.
Wands
 A - a wand of paralysis (8)
 F - a wand of acid (8)
Scrolls
 f - 2 scrolls of holy word
 n - 2 scrolls of fog
 p - a scroll of fear
 u - a scroll of amnesia
 y - a scroll of summoning
 C - a scroll of noise {unknown}
 E - 2 scrolls of blinking
 G - 2 scrolls of enchant weapon {unknown}
 H - 2 scrolls of identify
Potions
 a - a potion of ambrosia {unknown}
 b - 2 potions of curing
 d - 2 potions of haste
 e - 3 potions of heal wounds
 h - a potion of attraction
 l - a potion of resistance
 m - 3 potions of cancellation
 D - a potion of mutation {unknown}
 I - a potion of magic {unknown}


   Skills:
 - Level 4.0 Fighting
 - Level 1.7 Dodging
 - Level 1.7 Stealth
 + Level 8.3 Spellcasting
 + Level 8.6 Conjurations
 - Level 5.0 Hexes
 - Level 4.0 Translocations
 + Level 9.2 Fire Magic
 + Level 3.6 Ice Magic


You had 10 spell levels left.
You knew the following spells:

 Your Spells              Type           Power      Damage    Failure   Level
a - Foxfire               Conj/Fire      100%       2x1d9     1%          1
b - Scorch                Fire           100%       2d10      1%          2
c - Flame Wave            Conj/Fire      52%        3d10      1%          4
d - Tukima's Dance        Hex            34%        N/A       2%          3
e - Apportation           Tloc           58%        N/A       1%          1
f - Hailstorm             Conj/Ice       39%        3d9       4%          4

Your spell library contained the following spells:

 Spells                   Type           Power      Damage    Failure   Level
 Conjure Flame            Conj/Fire      52%        6-21      1%          3
 Inner Flame              Hex/Fire       44%        N/A       1%          3
 Gell's Gravitas          Tloc           29%        N/A       3%          3
 Lesser Beckoning         Tloc           29%        N/A       3%          3
 Teleport Other           Tloc           29%        N/A       3%          3
 Ozocubu's Armour         Ice            27%        N/A       4%          3
 Animate Skeleton         Necr           20%        N/A       6%          1
 Summon Small Mammal      Summ           40%        N/A       6%          1
 Passwall                 Tmut/Erth      8%         N/A       10%         2
 Passage of Golubria      Tloc           29%        N/A       12%         4
 Swiftness                Air            10%        N/A       19%         3
 Ice Form                 Ice/Tmut       18%        N/A       30%         4
 Metabolic Englaciation   Hex/Ice        15%        N/A       30%         5
 Animate Dead             Necr           5%         N/A       52%         4
 Yara's Violent Unravell  Hex/Tmut       11%        3d6       52%         5
 Borgnjor's Vile Clutch   Necr/Erth      5%         N/A       86%         5
 Dispersal                Tloc           14%        N/A       88%         6
 Simulacrum               Ice/Necr       9%         N/A       99%         6
 Death Channel            Necr           5%         N/A       100%        6


Dungeon Overview and Level Annotations

Branches:
Dungeon (11/15)            Temple (1/1) D:5            Lair (1/6) D:8
  Sewer (visited)         Gauntlet (1/1)
    Orc: D:9-12

Altars:
Ashenzari
Cheibriados
Dithmenos
Elyvilon
Fedhas
Gozag
Kikubaaqudgha
Makhleb
Nemelex Xobeh
Okawaru
Qazlal
Ru
Sif Muna
Trog
Uskayaw
Vehumet
Xom
Yredelemnul
Zin
The Shining One

Annotations:
D:3 2 transporters, Jargonaut's ghost, amateur TeAE
D:8 Maurice
Lair:1 Ejua's ghost, journeyman SpAK Gauntlet 8 transporters, 2 runed translucent doors


Innate Abilities, Weirdness & Mutations

You can breathe bolts of dispelling energy.
Your rich purple scales are hard. (AC +7)
You cannot fit into any form of body armour.
You are cold-blooded and may be slowed by cold attacks.


Message History

Confirm with . or Enter, or press ? or * to list all spells.
Casting: Flame Wave (dangerous; 1% risk of failure)
Press: ? - help, Dir - look around, f - activate A wave of flame ripples out!
The flame wave engulfs the minotaur.
The minotaur resists.
The minotaur is lightly wounded. (Press . to intensify the flame waves.)
The minotaur closely misses you.
The minotaur gores you but does no damage.
A wave of flame ripples out!
The flame wave engulfs the minotaur.
The minotaur completely resists.
The minotaur is lightly wounded.
The minotaur closely misses you. x2
Unknown command.
A wave of flame ripples out!
The flame wave engulfs the minotaur.
The minotaur resists.
The minotaur is lightly wounded.
You finish channelling waves of flame.
The minotaur is no longer more vulnerable to fire.
The minotaur hits you with the +0 falchion "Fiungirgh" {spect, rF++ Str+2 Int-4}.
The minotaur closely misses you.
Casting: Flame Wave (dangerous; 1% risk of failure)
Confirm with . or Enter, or press ? or * to list all spells.
Flames lash the minotaur but do no damage.
The minotaur hits you with the +0 falchion "Fiungirgh" {spect, rF++ Str+2 Int-4}!!
* * * LOW HITPOINT WARNING * * *
The minotaur gores you but does no damage.
You feel much better.
The minotaur hits you with the +0 falchion "Fiungirgh" {spect, rF++ Str+2 Int-4}.
* * * LOW HITPOINT WARNING * * *
The minotaur gores you but does no damage.
You feel much better.
The minotaur hits you but does no damage.
The minotaur gores you but does no damage.
The minotaur hits you with the +0 falchion "Fiungirgh" {spect, rF++ Str+2 Int-4}!!
* * * LOW HITPOINT WARNING * * *
The minotaur gores you but does no damage.
The minotaur throws a silver javelin.
The silver javelin pierces through you!!
You die...

...............PP...∩...P........
≈#≈≈≈#≈≈≈#≈≈≈#..♣P......♣..#≈≈≈#≈
###≈###≈###≈###...........###≈###
### ### ##################### #
#.................#
#.♣.♣.©.©.©.©.♣.♣.#
#.................#
#####.###.###.#####
###@###.###.### #.............#
#.###H###.###.# #.............#
#######'####### #.# ∩.. ..⌠+
⌠...#


You could see a minotaur.

Vanquished Creatures
  A cane toad (Lair:1)
  Psyche (D:8)
  2 hornets
  3 slime creatures (Gauntlet)
  5 blink frogs (Lair:1)
  3 centaur simulacra (Gauntlet)
  6 yaks (D:8)
  A wyvern (D:8)
  3 water moccasins
  An orc warrior (D:10)
  An ice beast (D:8)
  Pargi (Sewer)
  A sky beast (D:7)
  A meliai simulacrum (Gauntlet)
  A black bear (D:3)
  A phantom (D:4)
  4 kobold brigands
  3 bullfrogs
  A scorpion (D:5)
  A wyvern skeleton (D:6)
  4 killer bees (D:10)
  3 electric eels (D:7)
  A howler monkey (D:4)
  A bullfrog zombie (D:7)
  2 bullfrog skeletons
  A hound (D:5)
  A wyvern simulacrum (Gauntlet)
  3 centaur zombies
  An orc priest (D:10)
  A centaur skeleton (D:7)
  3 jellies (Gauntlet)
  An iguana (D:7)
  2 orc wizards
  2 hound skeletons (D:4)
  Robin (D:4)
  A howler monkey skeleton (D:6)
  14 adders
  3 shadow imps
  2 white imps (D:5)
  4 worms
  5 dart slugs
  17 orcs
  8 ball pythons
  6 endoplasms
  3 giant cockroaches
  15 goblins
  6 hobgoblins
  4 jackals (D:3)
  6 quokkas
  8 bats
  5 frilled lizards
  31 kobolds
  6 rats
212 creatures vanquished.

Vanquished Creatures (collateral kills)
  A centaur skeleton (D:4)
  A worm (D:4)
2 creatures vanquished.

Vanquished Creatures (others)
  4 demonic plants (Gauntlet)
  169 foxfires
  15 fungi
  46 plants
  A withered plant (Gauntlet)
235 creatures vanquished.

Grand Total: 449 creatures vanquished

Notes
Turn   | Place    | Note
-------+----------+-------------------------------------------
     0 | D:1      | nomicflux the Draconian Fire Elementalist began the quest
                  | for the Orb.
     0 | D:1      | Reached XP level 1. HP: 14/14 MP: 3/3
   315 | D:1      | Reached XP level 2. HP: 20/20 MP: 3/5
   318 | D:1      | Learned a level 2 spell: Scorch
  1399 | D:2      | Reached XP level 3. HP: 25/26 MP: 1/6
  2190 | D:2      | Reached skill level 1 in Fighting
  2190 | D:2      | Reached skill level 4 in Fire Magic
  2190 | D:2      | Reached XP level 4. HP: 35/35 MP: 4/7
  2729 | D:2      | Upgraded the game from 0.28-a0-863-g8cecda6153 to
                  | 0.28-a0-883-gc8d7bad45d
  3004 | D:3      | Learned a level 4 spell: Flame Wave
  3252 | D:3      | Found a faded altar of an unknown god.
  3357 | D:3      | Found a transporter.
  3361 | D:3      | Noticed Jargonaut's ghost (amateur TeAE)
  3377 | D:3      | Found a transporter.
  3708 | D:4      | Reached XP level 5. HP: 41/41 MP: 6/8
  3742 | D:4      | Noticed Robin
  3761 | D:4      | Killed Robin
  4083 | D:4      | Found a glowing drain.
  4099 | Sewer    | Entered a sewer
  4245 | Sewer    | Reached XP level 6. HP: 28/51 MP: 5/9
  4433 | Sewer    | Noticed Pargi
  4444 | Sewer    | Killed Pargi
  4445 | Sewer    | Reached skill level 5 in Fire Magic
  4952 | D:4      | Your scales start taking on a rich purple colour.
  4952 | D:4      | Reached XP level 7. HP: 22/59 MP: 2/10
  4985 | D:4      | Learned a level 3 spell: Tukima's Dance
  5203 | D:3      | Reached skill level 1 in Hexes
  5429 | D:4      | Found an opulent altar of Gozag.
  5882 | D:5      | Entered Level 5 of the Dungeon
  6055 | D:5      | Noticed a hornet
  6167 | D:5      | Killed a hornet
  6168 | D:5      | Reached skill level 5 in Conjurations
  6168 | D:5      | Reached skill level 6 in Fire Magic
  6240 | D:5      | Reached XP level 8. HP: 66/66 MP: 8/13
  6509 | D:5      | Found a staircase to the Ecumenical Temple.
  6518 | Temple   | Entered the Ecumenical Temple
  6609 | Temple   | Became a worshipper of Sif Muna the Loreminder
  7485 | D:7      | Noticed a hornet
  7494 | D:7      | Killed a hornet
  7495 | D:7      | Reached skill level 5 in Spellcasting
  7683 | D:7      | Reached * piety under Sif Muna
  7717 | D:8      | Reached skill level 7 in Fire Magic
  8256 | D:6      | Learned a level 1 spell: Apportation
  8328 | D:7      | Reached XP level 9. HP: 66/71 MP: 5/17
  8650 | D:7      | You fall into a shaft and drop 3 floors!
  8650 | D:10     | Entered Level 10 of the Dungeon
  8660 | D:10     | Reached skill level 1 in Translocations
  8892 | D:10     | Reached skill level 5 in Hexes
  9061 | D:11     | Identified the ring "Midir" {rC- rN+++ rCorr MP+9 Int-2}
  9232 | D:9      | Noticed a two-headed ogre
  9257 | D:8      | Noticed Psyche
  9266 | D:8      | Killed Psyche
  9309 | D:8      | Found a staircase to the Lair.
  9357 | D:8      | Reached skill level 8 in Fire Magic
  9596 | D:7      | Reached ** piety under Sif Muna
  9834 | D:7      | Reached XP level 10. HP: 62/78 MP: 18/20
 10477 | D:8      | Noticed Maurice
 10498 | D:8      | Learned a level 4 spell: Hailstorm
 10536 | Lair:1   | Entered Level 1 of the Lair of Beasts
 10546 | Lair:1   | Noticed a cane toad
 10553 | Lair:1   | Killed a cane toad
 10554 | Lair:1   | Reached skill level 1 in Ice Magic
 10573 | Lair:1   | Noticed Ejua's ghost (journeyman SpAK)
 10586 | Lair:1   | Noticed a thrashing horror
 10744 | Lair:1   | Found a gate leading to a gauntlet.
 10858 | Gauntlet | Entered a Gauntlet
 10858 | Gauntlet | Found a transporter.
 10861 | Gauntlet | Found a transporter.
 10863 | Gauntlet | Found a transporter.
 10865 | Gauntlet | Noticed a catoblepas
 10870 | Gauntlet | Noticed a gargoyle
 10878 | Gauntlet | Found a transporter.
 10880 | Gauntlet | Found a transporter.
 10884 | Gauntlet | Found a runed translucent door.
 10884 | Gauntlet | Found a runed translucent door.
 10885 | Gauntlet | Noticed a death yak
 10885 | Gauntlet | Noticed a necromancer
 10886 | Gauntlet | Noticed a death yak
 10887 | Gauntlet | Noticed a death yak
 10889 | Gauntlet | Found a transporter.
 10889 | Gauntlet | Found the ring of the Tortoise {AC+8}
 10906 | Gauntlet | Found a transporter.
 10912 | Gauntlet | Found a transporter.
 10925 | Gauntlet | Found a transporter.
 10935 | Gauntlet | Found a transporter.
 10935 | Gauntlet | Noticed a great orb of eyes
 10939 | Gauntlet | Noticed a cyan ugly thing
 10954 | Gauntlet | Found a transporter.
 10962 | Gauntlet | Found a transporter.
 10967 | Gauntlet | Found a transporter.
 11019 | Gauntlet | Reached skill level 9 in Fire Magic
 11332 | Gauntlet | Found a transporter.
 11450 | Gauntlet | Identified the +0 falchion "Fiungirgh" {spect, rF++ Str+2
                  | Int-4}
 11450 | Gauntlet | Noticed a minotaur
 11461 | Gauntlet | HP: 2/78 [minotaur (26)]
 11467 | Gauntlet | Hit by a silver javelin thrown by a minotaur

Illustrated notes

Levels and vault maps discovered:
D:1:      amcnicky_arrival_feature_with_door, layout_loops_cross,
          minmay_pentomino_r4
D:2:      kennysheep_big_flooded_room, layout_basic
D:3:      layout_basic, gammafunk_ghost_stat_death,
          shapermc_ecumenical_altar_acropolis
D:4:      layout_cave_pools, mainiacjoe_overflow_boulevard,
          portal_sewer_entry_b, uniq_robin
D:5:      layout_loops_ring, temple_pool_b, chequers_serial_rivers_micro_c,
          chequers_serial_rivers_small_3, guppyfry_early_lair_pool
D:6:      layout_basic, minivault_19
D:7:      layout_gridville, serial_bayou_ford_a
D:8:      layout_loops_cross, dpeg_oklobed_lair, serial_glass, glass_columns_b,
          glass_columns_b, uniq_maurice, uniq_psyche
D:9:      layout_grid_maze, uniq_grum
D:10:     layout_gridville, gammafunk_temple_overflow_elements
D:11:     cheibrodos_steamvent, layout_cave_pools, erik_orc_1, special_room
          [special_room_orc], elyvilon_altar_1, uniq_fannar
Temple:   mainiacjoe_temple_bowtie_tessellation
Lair:1:   layout_loops_ring, gammafunk_ghost_abyssal_escape,
          gauntlet_entry_generic, serial_bayou_lake_a
Gauntlet: minmay_gauntlet_77_tree [minmay_gauntlet_arena_77_museum,
          minmay_gauntlet_arena_77_terracotta_army,
          minmay_gauntlet_arena_77_two_paths,
          minmay_gauntlet_arena_77_shame_cube,
          minmay_gauntlet_arena_77_checkered, minmay_gauntlet_arena_77_mirror,
          minmay_gauntlet_arena_77_p_blocks, gauntlet_exit_hidden_loot]

Skill      XL: |  1  2  3  4  5  6  7  8  9 10 |
---------------+-------------------------------+-----
Conjurations   | 2 3 4 5 6 7 8 |  8.6
Fighting       | 1 3 4 |  4.0
Fire Magic     | 4 5 6 7 8 9 |  9.2
Hexes          | 2 4 5 |  5.0
Spellcasting   | 3 5 7 8 |  8.3
Translocations | 3 4 |  4.0
Ice Magic      | 3 |  3.6
Dodging        | |  1.7
Stealth        | |  1.7

Action                   |  1- 3 |  4- 6 |  7- 9 | 10-12 || total
-------------------------+-------+-------+-------+-------++-------
Melee: Dagger            |     2 |       |       |       ||     2
       Rapier            |    30 |    14 |    60 |     3 ||   107
       Tailslap          |     1 |     1 |     7 |     1 ||    10
 Cast: Foxfire           |    41 |    54 |     9 |     2 ||   106
       Scorch            |    22 |    37 |    95 |    20 ||   174
       Flame Wave        |       |       |    13 |    10 ||    23
       Tukima's Dance    |       |       |     4 |     3 ||     7
  Use: Scroll            |       |    14 |     5 |     1 ||    20
       Potion            |       |       |       |     2 ||     2
Armor: Skin              |    23 |    47 |    72 |    19 ||   161
Dodge: Dodged            |    47 |    62 |   101 |    35 ||   245

Table legend: (Time is in decaauts)
 A = Elapsed time spent in this place.
 B = Non-inter-level travel time spent in this place.
 C = Inter-level travel time spent in this place.
 D = Time resting spent in this place.
 E = Time spent auto-exploring this place.
 F = Levels seen in this place.
 G = Mean time per level.
                   A        B        C        D        E       F      G
               +--------+--------+--------+--------+--------+-----+--------+
         Total |  11523 |  11202 |    321 |   3490 |   4632 |  15 |  768.2 |
       Dungeon |   9815 |   9524 |    291 |   2623 |   4431 |  11 |  892.3 |
        Temple |    248 |    218 |     30 |      0 |    199 |   1 |  248.0 |
          Lair |    322 |    322 |      0 |    227 |      0 |   1 |  322.0 |
         Sewer |    526 |    526 |      0 |    332 |      2 |   1 |  526.0 |
      Gauntlet |    609 |    609 |      0 |    308 |      0 |   1 |  609.0 |
               +--------+--------+--------+--------+--------+-----+--------+

Top non-repeatable levels by time:
     D:3: 1572 daAuts
     D:1: 1572 daAuts
     D:7: 1199 daAuts
     D:2: 1181 daAuts
     D:5: 1102 daAuts
     D:4: 1052 daAuts
     D:6: 926 daAuts
Gauntlet: 609 daAuts
     D:8: 596 daAuts
   Sewer: 526 daAuts
    D:10: 475 daAuts
  Lair:1: 322 daAuts
  Temple: 248 daAuts
     D:9: 78 daAuts
    D:11: 58 daAuts
